 Dungeon Crawl Stone Soup version 0.31.0-11-ge490571c62 (webtiles) character file.

Game seed: 17445601128758833798

137 Sobieck the Shooter (level 5, 0/32 HPs)
             Began as a Gargoyle Hunter on Jan 29, 2024.
             Killed by psychic fangs
             ... invoked by a brain worm
              (10 damage)
             ... in a sewer.
             The game lasted 00:04:12 (2800 turns).

Sobieck the Shooter (Gargoyle Hunter)               Turns: 2800, Time: 00:04:13

Health: 0/32       AC:  9    Str: 15    XL:     5   Next: 20%
Magic:  1/5        EV: 11    Int:  9    God:
Gold:   179        SH:  0    Dex: 15    Spells: 4/4 levels left

rFire   . . .        a - +0 shortbow
rCold   . . .        (shield currently unavailable)
rNeg    + . .        c - +0 leather armour
rPois   ∞            (no helmet)
rElec   +            q - +0 cloak
rCorr   .            h - +0 pair of gloves
SInv    .            (no boots)
Will    .....        (no amulet)
Stlth   +            (no ring)
HPRegen 0.25/turn    (no ring)
MPRegen 0.09/turn

%: no passive effects
@: very slow
A: sickness immunity, AC +4, negative energy resistance 1, electricity
resistance, torment resistance 1, petrification resistance
a: no special abilities


You were in a sewer.
You visited 1 branch of the dungeon, and saw 3 of its levels.
You also visited: Sewer.

You collected 179 gold pieces.

Inventory:

Hand Weapons
 a - a +0 shortbow (weapon)
Armour
 c - a +0 leather armour (worn)
 h - a +0 pair of gloves (worn)
 q - a +0 cloak (worn)
Scrolls
 d - 2 scrolls of poison {unknown}
 f - 2 scrolls of enchant armour {unknown}
 i - 2 scrolls of fog {unknown}
 k - a scroll of silence {unknown}
 m - 4 scrolls of identify {unknown}
 p - 4 scrolls of noise
 r - a scroll of teleportation {unknown}
 s - a scroll of revelation {unknown}
 t - a scroll of blinking {unknown}
Potions
 e - 3 potions of enlightenment
 g - a potion of curing {unknown}
 j - 2 potions of attraction {unknown}
 l - 2 potions of heal wounds {unknown}
 n - 2 potions of mutation {unknown}
 o - a potion of brilliance {unknown}


   Skills:
 + Level 3.3 Fighting
 * Level 5.3 Ranged Weapons
 + Level 2.2 Armour
 - Level 1.5 Dodging
 - Level 1.1 Stealth


You had 4 spell levels left.
You didn't know any spells.
Your spell library contained the following spells:

 Spells                   Type           Power      Damage    Failure   Level
 Slow                     Hex            0%         N/A       45%         1
 Sting                    Conj/Alch      0%         1d3       45%         1
 Mercury Vapours          Alch/Air       0%         N/A       58%         2
 Confusing Touch          Hex            0%         N/A       83%         3
 Sigil of Binding         Hex            0%         N/A       83%         3
 Vampiric Draining        Necr           0%         2d6       83%         3
 Olgreb's Toxic Radiance  Alch           0%         N/A       99%         4


Dungeon Overview and Level Annotations

Branches:
Dungeon (3/15)              Sewer (1/1)

Altars:
Fedhas
Nemelex Xobeh
Trog


Innate Abilities, Weirdness & Mutations

You are immune to sickness and miasma.
Your stone body is resilient. (AC +4)
You are immune to poison.
You resist negative energy. (rN+)
You are resistant to electric shocks. (rElec)
You are resistant to unholy torment.
You are immune to petrification.


Message History

The jackal bites you but does no damage.
The ball python bites you but does no damage.
The ball python constricts you.
The jackal bites you but does no damage.
You shoot an arrow. The arrow hits the ball python.
The ball python is severely wounded.
The ball python bites you but does no damage.
The ball python constricts you.
The jackal bites you but does no damage.
The ball python bites you but does no damage.
The ball python constricts you.
* * * LOW HITPOINT WARNING * * *
Unknown command.
Okay, then.
Unknown command.
You shoot an arrow. The arrow hits the ball python!
You kill the ball python!
The jackal bites you but does no damage.
The jackal bites you.
* * * LOW HITPOINT WARNING * * *
Unknown command.
Unknown command.
You shoot an arrow. The arrow closely misses the jackal.
The arrow hits the brain worm.
The brain worm is lightly wounded.
The jackal bites you but does no damage.
The jackal pauses to sniff the ground.
The brain worm's bulging head throbs.
Something gnaws on your mind!
* * * LOW HITPOINT WARNING * * *
You feel your power leaking away.
The jackal bites you but does no damage.
Unknown command.
Unknown command.
You enter the shallow water.
Moving in this stuff is going to be slow.
The brain worm's bulging head throbs.
Something gnaws on your mind!
* * * LOW HITPOINT WARNING * * *
You feel your power leaking away.
The jackal bites you but does no damage.
As you read the scroll of butterflies, it crumbles to dust.
You hear the flapping of tiny wings.
The jackal is knocked back by the sudden gust.
You swap places.
You enter the shallow water.
Moving in this stuff is going to be slow.
The jackal barely misses your butterfly.
The brain worm's bulging head throbs.
Something gnaws heavily on your mind!
You die...

#≈≈~# #~≈~##!'..'.##~≈~#
#≈≈†# #~≈~##.#..#.##~≈~#
#≈≈~# #~≈~####~.####~≈.#
#≈≈~# #b≈~# #~~# #~≈~#
#≈≈~# #~b~# #~~# #.≈~#
#≈≈†###bbb####~~####~≈~#
#≈≈~bbbbbbbbbbb~~~~~~≈~#
#≈≈≈bb≈bbbbbb≈~~≈≈≈≈≈≈~#
#≈≈≈hwhbb@bbbb..~~~~~~~#
#≈≈≈.###############≈≈≈#
#≈≈~.## #≈≈≈# #≈≈~~~#
#≈≈≈# #≈≈.~~# #≈≈≈#
#≈≈~~~~# #≈≈≈# #≈≈≈.~.#
#≈≈≈# #≈≈≈#~.. #≈≈≈#
#≈≈≈ ~...


You could see a brain worm (ally target) and 2 jackals.

Vanquished Creatures
  4 adders
  4 dart slugs
  5 ribbon worms
  14 bats
  5 endoplasms
  6 giant cockroaches
  5 goblins
  4 hobgoblins
  2 quokkas
  12 ball pythons
  8 frilled lizards
  8 kobolds
  2 rats
79 creatures vanquished.

Notes
Turn   | Place    | Note
-------+----------+-------------------------------------------
     0 | D:1      | Sobieck the Gargoyle Hunter began the quest for the Orb.
     0 | D:1      | Reached XP level 1. HP: 12/12 MP: 1/1
   328 | D:1      | Reached XP level 2. HP: 18/18 MP: 2/2
   466 | D:1      | Found a faded altar of an unknown god.
   550 | D:1      | Reached skill level 1 in Armour
  1263 | D:1      | Reached XP level 3. HP: 19/22 MP: 3/3
  1625 | D:2      | Reached XP level 4. HP: 27/27 MP: 4/4
  1697 | D:2      | Reached skill level 3 in Fighting
  2097 | D:3      | Found a bloodstained altar of Trog.
  2101 | D:3      | Found a sparkling altar of Nemelex Xobeh.
  2103 | D:3      | Found a blossoming altar of Fedhas.
  2154 | D:3      | Reached skill level 5 in Ranged Weapons
  2393 | D:3      | Found a glowing drain.
  2441 | Sewer    | Entered a sewer
  2493 | Sewer    | Reached XP level 5. HP: 29/32 MP: 5/5
  2800 | Sewer    | Killed from afar by a brain worm

Illustrated notes

Levels and vault maps discovered:
D:1:      evilmike_arrival_rings, layout_basic,
          dreamdust_ecumenical_altar_angels_and_demons
D:2:      layout_loops_ring
D:3:      layout_basic, gammafunk_temple_overflow_forgotten,
          cheibrodos_sewer_entry_bend
Sewer:    sewer_fruit_machine

Skill      XL: |  1  2  3  4 |
---------------+-------------+-----
Armour         | 1 2 |  2.2
Fighting       | 3 |  3.3
Ranged Weapons | 5 |  5.3
Dodging        | |  1.5
Stealth        | |  1.1

Action                     |  1- 3 |  4- 6 || total
---------------------------+-------+-------++-------
   Fire: Shortbow          |   120 |   153 ||   273
    Use: Scroll            |       |     1 ||     1
 Armour: Leather armour    |    33 |    54 ||    87
  Dodge: Dodged            |    33 |    39 ||    72
